 Dungeon Crawl Stone Soup version 0.29-a0-668-g12ee2bf84d (webtiles) character file.

Game seed: 12671619040758349648

599 moldycheese5 the Conjurer (level 7, -2/38 HPs)
             Began as a Deep Elf Conjurer on June 23, 2022.
             Killed by nerve-wracking pain
             ... invoked by Menkaure
              (10 damage)
             ... on level 4 of the Dungeon.
             The game lasted 00:14:07 (5775 turns).

moldycheese5 the Conjurer (Deep Elf Conjurer)       Turns: 5775, Time: 00:14:08

Health: -2/38      AC:  6    Str:  4    XL:     7   Next: 17%
Magic:  9/16       EV: 13    Int: 25    God:
Gold:   161        SH:  0    Dex: 13    Spells: 11/18 levels left

rFire   + . .      SeeInvis .   c - +3 quarterstaff (chaos)
rCold   x . .      Faith    .   (shield currently unavailable)
rNeg    . . .      Spirit   .   a - +0 robe
rPois   +          Reflect  .   g - +0 helmet
rElec   .          Harm     .   i - +0 cloak
rCorr   .          Rampage  .   (no gloves)
Will    .....                   (no boots)
Stlth   ++........              (no amulet)
HPRegen 0.92/turn               d - ring of fire
MPRegen 0.15/turn               f - ring of poison resistance

@: no status effects
A: hooves 1, iridescent scales 1, low MP 1, regeneration 1
a: no special abilities


You were on level 4 of the Dungeon.
You visited 1 branch of the dungeon, and saw 4 of its levels.

You collected 161 gold pieces.

Inventory:

Hand Weapons
 c - a +3 quarterstaff of chaos (weapon)
 j - a +1 vorpal falchion
Armour
 a - a +0 robe (worn)
 g - a +0 helmet (worn)
 i - a +0 cloak (worn)
Jewellery
 d - a ring of fire (left hand)
 f - a ring of poison resistance (right hand)
Wands
 o - a wand of flame (16)
Scrolls
 e - a scroll of blinking {unknown}
 h - a scroll of amnesia
 k - a scroll of fear {unknown}
 l - 3 scrolls of fog
 m - a scroll of magic mapping
 q - a scroll of summoning {unknown}
 t - 3 scrolls of teleportation {unknown}
Potions
 b - a potion of magic
 n - a potion of experience {unknown}
 p - a potion of haste {unknown}
 r - a potion of invisibility {unknown}
 s - a potion of curing {unknown}


   Skills:
 + Level 1.0 Fighting
 + Level 0.7 Long Blades
 + Level 3.9 Dodging
 + Level 3.2 Stealth
 + Level 6.3 Spellcasting
 + Level 6.7 Conjurations
 + Level 2.3 Necromancy
 + Level 0.8 Evocations


You had 11 spell levels left.
You knew the following spells:

 Your Spells              Type           Power      Damage    Failure   Level
a - Magic Dart            Conj           100%       1d8       1%          1
b - Dazzling Flash        Conj/Hex       48%        N/A       5%          3
c - Necrotize             Necr           76%        1d7       2%          1
d - Apportation           Tloc           14%        N/A       7%          1
e - Summon Small Mammal   Summ           28%        N/A       7%          1

Your spell library contained the following spells:

 Spells                   Type           Power      Damage    Failure   Level
 Searing Ray              Conj           82%        2d7       1%          2
 Fulminant Prism          Conj/Hex       12%        3d9       19%         4
 Iskenderun's Mystic Bla  Conj/Tloc      24%        2d7       19%         4


Dungeon Overview and Level Annotations

Branches:
Dungeon (4/15)
 Temple: D:4-7

Altars:
Dithmenos
Hepliaklqana

Annotations:
D:4 Menkaure


Innate Abilities, Weirdness & Mutations

You have large cloven feet.
You are partially covered in iridescent scales. (AC +2)
Your magical capacity is low. (-10% MP)
Your natural rate of healing is unusually fast.


Message History

s - a sedimented silvery potion
t - 3 scrolls labelled HOAK FECREPSI You see here a stone.
Found a stone staircase leading down.
The magic dart hits Menkaure.
Menkaure is lightly damaged.
Menkaure shouts!
The magic dart hits Menkaure.
Menkaure is moderately damaged.
Menkaure casts a spell.
Menkaure seems to speed up.
The magic dart hits Menkaure.
Menkaure is heavily damaged.
The magic dart hits Menkaure.
Menkaure is heavily damaged.
Menkaure barely misses you.
The magic dart hits Menkaure.
Menkaure is severely damaged.
Menkaure calls on the powers of darkness!
Your body is wracked with pain!
The magic dart hits Menkaure.
Menkaure is severely damaged.
Menkaure hits you!
* * * LOW HITPOINT WARNING * * *
You are too injured to fight recklessly!
Aiming: Magic Dart (safe; 1% risk of failure)
Press: ? - help, Q - select action, (/) - cycle Shift-Dir - straight line, f/p - Menkaure
Aim: Menkaure (severely damaged, fast, 100% to hit)
The magic dart hits Menkaure.
Menkaure is almost destroyed.
Menkaure giggles, "These cerements are ticklish..."
Menkaure closely misses you.
Aiming: Magic Dart (safe; 1% risk of failure)
Press: ? - help, Q - select action, (/) - cycle Shift-Dir - straight line, f/p - Menkaure
Aim: Menkaure (almost destroyed, fast, 100% to hit)
The magic dart hits Menkaure but does no damage.
Menkaure is almost destroyed.
Menkaure casts a spell at you. Pain shoots through your body!
You die...

#.# #.. #.# . .. #.# .. #. #.#
... ####.### #.# ....
#......#.##.### ....> ###
#......#......#...#..#. #.##
#......####.#@M...#..#.###..##
#......###..###...............
#..........####........###.#..
#......#.........#..##..##.##.
#......#.............#.....##.
#####..#....................#.
#######......#####...............
.....#.......####.....#..........
..(.........##....#.....##....##.


You could see Menkaure (fast).

Vanquished Creatures
  Grinder (D:4)
  A hound (D:4)
  An orc priest (D:2)
  Crazy Yiuf (D:3)
  An iguana (D:4)
  2 orc wizards (D:3)
  Robin (D:2)
  7 gnolls
  5 adders
  A worm (D:3)
  A dart slug (D:1)
  17 orcs
  10 endoplasms
  2 giant cockroaches (D:2)
  8 hobgoblins
  2 jackals (D:4)
  3 quokkas
  5 ball pythons
  3 bats
  4 frilled lizards
  17 goblins
  6 kobolds
  5 rats
104 creatures vanquished.

Vanquished Creatures (collateral kills)
  An orc (D:3)
1 creature vanquished.

Vanquished Creatures (others)
  An orc wizard (D:3)
  A plant (D:3)
2 creatures vanquished.

Grand Total: 107 creatures vanquished

Notes
Turn   | Place    | Note
-------+----------+-------------------------------------------
     0 | D:1      | moldycheese5 the Deep Elf Conjurer began the quest for the
                  | Orb.
     0 | D:1      | Reached XP level 1. HP: 10/10 MP: 6/6
   149 | D:1      | Reached skill level 5 in Conjurations
   149 | D:1      | Reached XP level 2. HP: 15/15 MP: 0/8
   404 | D:1      | Found a faded altar of an unknown god.
   624 | D:1      | Reached XP level 3. HP: 11/19 MP: 2/9
  1695 | D:2      | Reached XP level 4. HP: 24/24 MP: 7/11
  1753 | D:2      | Learned a level 3 spell: Dazzling Flash
  2232 | D:3      | Noticed Robin
  2454 | D:2      | HP: 1/24 [goblin/+0 dagger[Robin] (3)]
  3073 | D:2      | Gained mutation: Your natural rate of healing is unusually
                  | fast. [potion of mutation]
  3073 | D:2      | Gained mutation: Your magical capacity is low. (-10% MP)
                  | [potion of mutation]
  3073 | D:2      | Gained mutation: You have large cloven feet. [potion of
                  | mutation]
  3073 | D:2      | Gained mutation: You are partially covered in iridescent
                  | scales. (AC +2) [potion of mutation]
  3227 | D:2      | Killed Robin
  3377 | D:2      | Reached XP level 5. HP: 25/28 MP: 6/12
  3970 | D:3      | Found a runed translucent door.
  3971 | D:3      | Noticed Crazy Yiuf
  4055 | D:3      | Reached skill level 5 in Spellcasting
  4127 | D:3      | Learned a level 1 spell: Necrotize
  4129 | D:3      | Learned a level 1 spell: Apportation
  4131 | D:3      | Learned a level 1 spell: Summon Small Mammal
  4227 | D:3      | HP: 1/28 [something (4)]
  4232 | D:3      | Reached XP level 6. HP: 31/33 MP: 7/14
  4564 | D:3      | Noticed a shadow
  4565 | D:3      | Found a shadowy altar of Dithmenos.
  4566 | D:3      | Found a hazy altar of Hepliaklqana.
  4709 | D:3      | Killed Crazy Yiuf
  4710 | D:3      | Reached skill level 1 in Necromancy
  4869 | D:4      | Noticed Menkaure
  4869 | D:4      | Noticed Grinder
  5430 | D:4      | Killed Grinder
  5431 | D:4      | Reached XP level 7. HP: 28/37 MP: 6/16
  5521 | D:4      | Reached skill level 1 in Fighting
  5775 | D:4      | Killed from afar by Menkaure

Illustrated notes

Levels and vault maps discovered:
D:1:      evilmike_arrival_plus, layout_basic, ebering_ecumenical_altar_box,
          corexii_corridor_pit, corexii_hall_statues_i, minmay_heptomino_d4
D:2:      layout_basic
D:3:      layout_rooms, riverfiend_overflow_shadow_ancestor,
          minmay_misc_feat_square, corexii_shack, chequers_garden, uniq_robin,
          uniq_crazy_yiuf_cottage
D:4:      black_bear_nest_1, layout_rooms, minmay_temple_entry_overgrown,
          uniq_menkaure, uniq_grinder

Skill      XL: |  1  2  3  4  5  6  7 |
---------------+----------------------+-----
Conjurations   | 5 6 |  6.7
Stealth        | 3 |  3.2
Spellcasting   | 4 5 6 |  6.3
Dodging        | 3 |  3.9
Necromancy     | 2 |  2.3
Fighting       | 1 |  1.0
Long Blades    | |  0.7
Evocations     | |  0.8

Action                   |  1- 3 |  4- 6 |  7- 9 || total
-------------------------+-------+-------+-------++-------
Melee: Unarmed           |       |     6 |       ||     6
       Falchion          |       |     3 |       ||     3
       Kick              |       |     3 |       ||     3
 Cast: Magic Dart        |    75 |   169 |    25 ||   269
       Necrotize         |       |    16 |       ||    16
Evoke: Wand              |       |     7 |       ||     7
  Use: Scroll            |       |     5 |       ||     5
       Potion            |       |     3 |       ||     3
Armor: Robe              |     1 |    48 |       ||    49
Dodge: Dodged            |     3 |    94 |     2 ||    99

Table legend: (Time is in decaauts)
 A = Elapsed time spent in this place.
 B = Non-inter-level travel time spent in this place.
 C = Inter-level travel time spent in this place.
 D = Time resting spent in this place.
 E = Time spent auto-exploring this place.
 F = Levels seen in this place.
 G = Mean time per level.
                   A        B        C        D        E       F      G
               +--------+--------+--------+--------+--------+-----+--------+
         Total |   5785 |   5654 |    131 |   2050 |   2907 |   4 | 1446.2 |
       Dungeon |   5785 |   5654 |    131 |   2050 |   2907 |   4 | 1446.2 |
               +--------+--------+--------+--------+--------+-----+--------+

Top non-repeatable levels by time:
     D:2: 2235 daAuts
     D:3: 1783 daAuts
     D:1: 1296 daAuts
     D:4: 470 daAuts
